Map: New Richmond

Players

Bearatax - Winner!

  • Race: Terran Terran
  • Spawn Location: 6:00

Amix - Winner!

  • Race: Protoss Protoss
  • Spawn Location: 5:00

Krinmvrenom - Winner!

  • Race: Zerg Zerg
  • Spawn Location: 7:00

A.I. 3 (Medium)

  • Race: Terran Terran
  • Spawn Location: 11:00

A.I. 4 (Elite)

  • Race: Terran Terran
  • Spawn Location: 3:00

A.I. 5 (Very Hard)

  • Race: Zerg Zerg
  • Spawn Location: 12:00

VOD

Have the link to the VOD?

Description

Time

  • Played on: Nov. 25, 2016, 5:57 p.m.
  • Length: 19:02
Show
View Real Time Build Order
Export as new Build Order

Bearatax Terran - Winner!

Build Orders: MMM Bio 

Get SALT Encoding   

  12  0:02  SCV  
  13  0:14  SCV  
  14  0:42  Command Center  
  14  0:53  SCV  
  15  0:59  Supply Depot  
  15  1:15  Refinery  
  15  1:21  SCV  
  15  1:24  Barracks  
  16  1:33  SCV  
  17  1:45  SCV, Supply Depot  
  18  1:54  SCV  
  18  1:57  SCV  
  20  2:06  SCV  
  21  2:09  SCV  
  21  2:11  Supply Depot  
  21  2:13  Barracks Tech Lab  
  22  2:19  SCV  
  22  2:21  SCV  
  24  2:31  SCV  
  24  2:34  Marine, SCV  
  24  2:36  Barracks  
  27  2:43  SCV  
  28  2:46  SCV  
  29  2:51  Refinery  
  29  2:54  Marine, Supply Depot  
  29  2:57  Combat Shields  
  30  3:05  SCV  
  31  3:10  Refinery  
  31  3:14  SCV  
  31  3:17  SCV  
  33  3:23  Engineering Bay  
  33  3:29  SCV  
  33  3:30  Barracks Reactor  
  34  3:34  Barracks  
  34  3:35  Marine  
  35  3:42  Orbital Command  
  35  3:48  Orbital Command  
  35  3:54  Terran Infantry Weapons Level 1  
  35  4:10  Marine x2  
  35  4:11  Marine  
  35  4:16  Stimpack  
  38  4:19  SCV  
  38  4:23  Barracks Reactor  
  39  4:26  Barracks  
  39  4:28  Marine x2  
  42  4:31  SCV  
  42  4:42  Marine  
  43  4:51  Supply Depot  
  43  4:59  SCV  
  44  5:11  SCV  
  45  5:14  Barracks Reactor, Factory  
  45  5:18  Marine x5  
  45  5:20  Supply Depot  
  50  5:36  Marine x5  
  50  5:39  SCV  
  56  5:42  Refinery  
  56  5:46  Supply Depot  
  56  5:49  Terran Infantry Armor Level 1  
  56  5:51  SCV  
  56  5:52  Marine x2  
  56  5:53  Marine  
  56  5:54  Marine x4  
  63  5:59  Supply Depot  
  63  6:03  SCV  
  63  6:09  Marine  
  63  6:10  Marine, SCV  
  63  6:11  Marine x3, Engineering Bay  
  66  6:12  Marine x2  
  66  6:15  SCV  
  66  6:17  Concussive Shells  
  72  6:25  Armory  
  72  6:27  Marine x2, SCV  
  72  6:29  Marine x4  
  72  6:30  Marine  
  80  6:39  SCV  
  81  6:45  Marine x2  
  81  6:46  Supply Depot  
  83  6:47  Marine x5, Hi-Sec Auto Tracking  
  83  6:50  Command Center  
  88  7:03  Marine x2  
  88  7:05  Marine x4  
  88  7:08  Marine, Supply Depot  
  95  7:13  Supply Depot  
  95  7:21  Marine x2  
  97  7:22  Marine  
  97  7:23  Marine x3  
  101  7:30  Supply Depot  
  101  7:31  Terran Vehicle Weapons Level 1  
  101  7:33  Factory Tech Lab  
  101  7:43  Factory  
  101  7:44  Terran Infantry Weapons Level 2  
  101  7:45  Marine x2  
  101  7:46  Marine x4  
  107  7:57  SCV  
  108  8:02  SCV  
  108  8:05  Refinery  
  109  8:14  SCV  
  109  8:17  Marine  
  109  8:18  Marine  
  112  8:20  Marine  
  112  8:21  Marine x4  
  112  8:25  Supply Depot  
  112  8:26  SCV  
  118  8:31  Factory  
  118  8:35  Marine  
  118  8:36  Marine  
  118  8:38  Marine x2, SCV  
  118  8:39  Marine x2  
  125  8:47  Supply Depot  
  125  8:50  SCV  
  127  9:02  SCV  
  127  9:09  Supply Depot  
  114  9:15  SCV  
  88  9:18  Marine x2  
  88  9:19  Marine x5  
  88  9:20  Unknown  
  73  9:25  Terran Vehicle And Ship Armor Level 1  
  73  9:27  SCV  
  65  9:33  Supply Depot  
  65  9:36  Marine x2  
  65  9:37  Marine x5  
  67  9:39  SCV  
  67  9:44  Factory Tech Lab  
  67  9:45  Thor  
  73  9:51  SCV, Factory Tech Lab  
  74  9:53  Command Center  
  74  9:54  Marine x4  
  74  9:55  Marine x3  
  74  9:56  Supply Depot  
  81  10:03  SCV  
  82  10:12  Marine x6, Thor x2  
  82  10:13  Marine  
  101  10:15  SCV  
  101  10:18  Supply Depot  
  102  10:27  SCV  
  103  10:29  Marine  
  103  10:30  Marine x6  
  110  10:39  SCV  
  110  10:40  Terran Infantry Weapons Level 3, Terran Infantry Armor Level 2  
  110  10:47  Marine  
  110  10:48  Marine x6  
  102  10:58  Unknown  
  102  11:05  Marine x2  
  102  11:06  Marine x5  
  109  11:21  SCV  
  109  11:23  Marine x4  
  109  11:24  Marine x3  
  117  11:26  Refinery  
  117  11:33  SCV  
  117  11:37  Thor x2  
  130  11:41  Marine x5  
  130  11:42  Marine x2  
  130  11:45  SCV  
  138  11:51  Thor  
  144  11:57  SCV  
  144  11:58  Marine  
  144  11:59  Marine x5  
  144  12:00  Marine  
  144  12:01  Terran Vehicle Weapons Level 2  
  152  12:16  Marine  
  152  12:17  Marine x6  
  159  12:32  Thor x2  
  159  12:34  Thor, Marine x2  
  159  12:35  Marine x2  
  181  12:52  Marine  
  181  12:53  Marine x5  
  187  13:03  Unknown  
  154  13:07  Unknown  
  154  13:08  Marine  
  154  13:10  Marine x3  
  154  13:11  Marine x3  
  136  13:14  Thor  
  136  13:15  Thor  
  142  13:26  Marine  
  142  13:31  Thor  
  148  13:42  Unknown  
  148  13:45  Unknown  
  117  13:57  Thor x2  
  117  13:58  Marine  
  117  13:59  Marine x6  
  133  14:16  Marine  
  133  14:17  Marine x6  
  134  14:23  Thor  
  146  14:34  Marine x3  
  146  14:35  Marine x4  
  144  14:39  SCV  
  144  14:51  SCV  
  144  14:52  Marine x4  
  146  14:53  Marine  
  150  15:03  SCV  
  151  15:14  Marine  
  151  15:15  Marine x6  
  151  15:16  SCV  
  151  15:17  Unknown  
  151  15:19  Thor x3  
  174  15:28  SCV  
  163  15:32  Marine x2  
  163  15:33  Marine x5  
  163  15:50  Marine x2  
  163  15:52  Unknown  
  163  15:55  Marine x5  
  164  16:01  Terran Infantry Armor Level 3  
  164  16:03  Terran Vehicle Weapons Level 3  
  157  16:08  Marine x2  
  158  16:12  Marine  
  158  16:13  Marine x4  
  157  16:26  Marine x2  
  157  16:30  Marine x2  
  157  16:31  Marine x2  
  160  16:42  Thor x2  
  160  16:43  Thor  
  160  16:44  Marine x3  
  178  16:48  Marine x4  
  181  17:02  Marine  
  182  17:16  Marine x3  
  182  17:17  Marine x2  
  187  17:25  Thor x2  
  199  17:33  Marine  
  199  17:53  Marine  
  194  18:26  Marine x4  
  194  18:27  Marine x2  
Show
View Real Time Build Order
Export as new Build Order

Amix Protoss - Winner!

Build Orders: 1 Gate Expand 

Get SALT Encoding   

  12  0:03  Probe (Chrono Boost)  
  13  0:23  Probe (Chrono Boost)  
  14  0:29  Pylon  
  14  0:32  Pylon  
  14  0:35  Probe (Chrono Boost)  
  15  0:49  Gateway  
  15  0:50  Probe (Chrono Boost)  
  16  1:19  Nexus  
  16  1:27  Probe (Chrono Boost)  
  17  1:37  Zealot  
  19  1:40  Gateway  
  19  1:43  Probe (Chrono Boost)  
  20  1:52  Assimilator  
  20  1:53  Probe (Chrono Boost)  
  21  2:04  Zealot  
  21  2:07  Probe (Chrono Boost)  
  24  2:13  Assimilator  
  24  2:18  Probe (Chrono Boost)  
  25  2:26  Gateway  
  25  2:28  Probe (Chrono Boost)  
  28  2:30  Zealot  
  29  2:37  Probe (Chrono Boost)  
  29  2:39  Probe (Chrono Boost)  
  30  2:47  Probe (Chrono Boost)  
  31  2:56  Probe (Chrono Boost)  
  31  2:58  Probe (Chrono Boost)  
  33  3:01  Assimilator  
  33  3:04  Zealot  
  35  3:07  Probe (Chrono Boost)  
  36  3:21  Probe (Chrono Boost)  
  36  3:22  Probe (Chrono Boost), Cybernetics Core  
  36  3:26  Pylon  
  38  3:29  Zealot x2  
  42  3:52  Forge  
  44  3:55  Probe x2 (Chrono Boost)  
  44  3:56  Pylon  
  44  3:58  Zealot  
  44  3:59  Pylon  
  44  4:00  Zealot  
  48  4:04  Warp Gate (Chrono Boost)  
  48  4:05  Probe (Chrono Boost)  
  48  4:06  Probe (Chrono Boost)  
  50  4:17  Probe  
  50  4:18  Mothership Core  
  53  4:26  Protoss Ground Weapons Level 1  
  53  4:29  Probe  
  54  4:32  Pylon  
  54  4:37  Twilight Council  
  54  4:39  Probe  
  54  4:43  Assimilator  
  55  4:56  Probe x2  
  57  5:06  Gateway  
  57  5:08  Gateway, Probe x2  
  57  5:09  Stalker  
  57  5:12  Stalker x2  
  65  5:25  Robotics Facility  
  65  5:26  Probe x2  
  67  5:38  Probe x2  
  71  5:46  Stalker (Chrono Boost)  
  67  6:15  Gateway  
  67  6:17  Gateway  
  67  6:19  Probe  
  67  6:20  Probe  
  67  6:22  Gateway  
  67  6:25  Gateway  
  69  6:32  Probe  
  70  6:36  Protoss Ground Armor Level 1 (Chrono Boost)  
  70  6:38  Stalker x3  
  76  6:41  Nexus  
  76  6:43  Pylon x2  
  76  6:44  Pylon  
  76  6:45  Pylon  
  76  6:47  Pylon, Blink (Chrono Boost)  
  76  6:51  Protoss Air Weapons Level 1  
  76  7:01  Immortal  
  76  7:07  Adept  
  76  7:08  Adept x3  
  88  7:20  Probe x2  
  90  7:29  Adept x2  
  94  7:30  Adept  
  94  7:32  Probe x2  
  98  7:44  Probe x2  
  98  7:47  Photon Cannon  
  98  7:49  Photon Cannon  
  100  7:53  Photon Cannon  
  100  7:56  Probe x2  
  102  8:02  Assimilator  
  102  8:04  Assimilator  
  102  8:08  Probe x2  
  102  8:09  Zealot x4  
  112  8:28  Zealot x5  
  112  8:30  Forge, Protoss Shields Level 1 (Chrono Boost)  
  122  8:55  Pylon  
  122  8:57  Stalker x2, Pylon  
  122  8:58  Stalker x2  
  122  8:59  Stalker  
  122  9:00  Pylon x3  
  132  9:04  Charge  
  128  9:19  Pylon  
  128  9:21  Pylon  
  128  9:22  Pylon  
  98  9:26  Zealot x5  
  98  9:27  Zealot  
  59  9:41  Adept  
  59  9:42  Adept x2  
  59  9:44  Adept  
  65  9:46  Adept  
  65  9:47  Adept  
  69  10:08  Stalker x4  
  77  10:34  Zealot x4  
  77  10:35  Zealot x4  
  93  11:01  Stalker x2  
  93  11:02  Stalker x5  
  107  11:04  Stalker  
  109  11:28  Adept x5  
  119  11:36  Pylon  
  119  11:38  Pylon  
  119  11:40  Pylon  
  119  12:04  Zealot x5  
  119  12:05  Zealot x4  
  137  12:13  Resonating Glaives, Protoss Ground Weapons Level 2 (Chrono Boost)  
  137  12:27  Stalker x4  
  145  12:34  Immortal  
  149  12:38  Protoss Ground Armor Level 2 (Chrono Boost)  
  149  12:59  Probe, Mothership Core  
  152  13:06  Zealot x5  
  152  13:09  Pylon  
  152  13:13  Pylon  
  152  13:14  Pylon  
  112  13:34  Zealot x5  
  88  13:35  Zealot  
  60  14:11  Protoss Shields Level 2 (Chrono Boost)  
  56  14:18  Stalker  
  56  14:19  Stalker  
  60  14:25  Nexus  
  58  14:35  Probe x2  
  60  14:47  Probe x2  
  62  14:59  Probe  
  63  15:20  Zealot x4  
  63  15:21  Zealot  
  73  15:42  Stalker x2  
  77  16:12  Zealot  
  77  16:13  Zealot  
  81  16:23  Nexus  
  81  16:26  Pylon  
  81  17:04  Stalker x5  
  81  17:05  Stalker x2  
  91  18:12  Adept  
  93  18:13  Adept x5  
  93  18:14  Adept x2  
  107  18:46  Stalker x3  
  107  18:47  Stalker x2  
Show
View Real Time Build Order
Export as new Build Order

Krinmvrenom Zerg - Winner!

Build Orders: Hatch First, Lurkers 

Get SALT Encoding   

  12  0:03  Drone  
  13  0:11  Drone  
  14  0:22  Overlord  
  14  0:41  Drone x3  
  18  0:57  Drone  
  18  1:04  Drone  
  19  1:06  Hatchery  
  18  1:17  Drone, Spawning Pool  
  18  1:25  Drone, Extractor  
  18  1:26  Extractor  
  17  1:35  Drone  
  18  1:46  Drone  
  19  1:57  Overlord  
  19  2:15  Lair  
  19  2:17  Hatchery  
  18  2:23  Drone  
  18  2:24  Drone x2  
  21  2:36  Overlord  
  21  2:41  Drone  
  21  2:42  Drone  
  23  2:45  Drone  
  24  2:53  Zergling x4  
  26  3:15  Drone, Overlord  
  26  3:16  Hydralisk Den  
  26  3:24  Drone x2  
  28  3:32  Spine Crawler  
  28  3:33  Spine Crawler  
  26  3:37  Overlord  
  26  3:38  Drone x3  
  29  3:47  Hydralisk  
  31  3:50  Lurker Den  
  31  4:03  Hydralisk x2  
  31  4:07  Queen  
  37  4:12  Drone  
  37  4:13  Drone x2  
  37  4:14  Drone  
  41  4:17  Drone  
  41  4:27  Drone x4  
  41  4:28  Drone  
  41  4:31  Overlord  
  46  4:37  Hydralisk  
  48  4:38  Hydralisk  
  48  4:42  Hydralisk  
  52  4:47  Queen  
  54  4:57  Hydralisk x2  
  58  5:09  Extractor  
  58  5:12  Extractor  
  56  5:16  Lurker  
  56  5:17  Lurker x2  
  59  5:24  Drone  
  59  5:25  Drone x4  
  64  5:35  Lurker  
  65  5:46  Zergling x4  
  65  5:47  Zergling x2  
  65  5:49  Lurker x2  
  70  6:13  Lurker x2  
  72  6:21  Drone x2  
  72  6:22  Overlord x4  
  72  6:23  Overlord x4  
  74  6:39  Hatchery  
  73  6:40  Queen  
  73  6:41  Hatchery x2, Extractor  
  73  6:45  Extractor  
  73  6:46  Drone x2, Evolution Chamber  
  72  6:48  Evolution Chamber  
  72  6:51  Drone x2  
  73  6:58  Drone x4  
  77  7:15  Hydralisk x3  
  83  7:23  Hydralisk  
  86  7:30  Drone x7  
  86  7:31  Drone x3  
  95  7:42  Queen  
  97  7:50  Lurker  
  99  7:51  Lurker  
  99  7:53  Lurker  
  100  8:07  Spire  
  98  8:26  Lurker  
  99  8:31  Hydralisk x2  
  99  8:32  Hydralisk x2  
  107  8:48  Drone x2  
  109  8:53  Drone  
  109  8:54  Drone x3  
  114  8:55  Drone  
  114  8:56  Drone x2  
  114  8:57  Drone  
  117  9:06  Zerg Missile Weapons Level 1  
  117  9:07  Zerg Ground Armor Level 1  
  117  9:22  Lurker  
  117  9:23  Lurker x3  
  115  9:57  Corruptor  
  115  9:58  Corruptor x4  
  125  10:00  Hydralisk x5  
  135  10:23  Corruptor x2  
  135  10:24  Corruptor x4  
  127  11:03  Hydralisk x6  
  139  11:15  Zerg Missile Weapons Level 2  
  139  11:18  Zerg Ground Armor Level 2  
  139  11:22  Infestation Pit  
  138  11:30  Zerg Flyer Weapons Level 1  
  138  11:36  Hydralisk  
  138  11:37  Hydralisk x4  
  148  11:41  Overlord x3  
  148  11:42  Overlord x7  
  148  11:43  Overlord x7  
  147  11:59  Lurker x3  
  147  12:00  Lurker x3  
  153  12:13  Hive  
  153  12:38  Lurker  
  153  12:39  Lurker x4  
  158  14:01  Greater Spire  
  158  14:07  Zerg Missile Weapons Level 3  
  158  14:08  Zerg Ground Armor Level 3  
  158  15:05  Hatchery  
  157  15:11  Extractor  
  157  15:16  Brood Lord x4  
  157  15:17  Brood Lord x2  
  157  15:19  Hatchery  
  157  15:20  Corruptor x5  
  157  15:21  Corruptor x2  
  182  15:34  Zerg Flyer Weapons Level 2  
  182  15:38  Metabolic Boost  
  182  16:08  Brood Lord  
  182  16:09  Brood Lord  
  184  16:57  Adrenal Glands  
Show
View Real Time Build Order
Export as new Build Order

A.I. 3 (Medium) Terran 

Build Orders:  

Get SALT Encoding   

  12  0:01  SCV  
  13  0:13  SCV  
  14  0:19  Supply Depot  
  14  0:25  SCV  
  15  0:41  SCV  
  15  0:42  Barracks  
  16  0:50  Refinery  
  16  0:53  SCV  
  17  1:05  SCV  
  18  1:17  Supply Depot  
  18  1:30  Marine  
  18  1:31  Orbital Command  
  19  1:34  Barracks  
  19  1:44  Refinery  
  19  1:49  Barracks Tech Lab  
  19  2:07  Marine  
  20  2:10  Supply Depot  
  20  2:25  Marine  
  20  2:27  Marine  
  22  2:32  SCV  
  23  2:43  Marauder  
  23  2:44  SCV, Engineering Bay  
  26  2:45  Marine  
  27  2:56  SCV  
  28  2:58  Supply Depot  
  28  3:03  Marine  
  29  3:06  Marauder  
  29  3:08  SCV  
  32  3:20  SCV  
  32  3:21  Marine  
  34  3:27  Marine  
  34  3:32  SCV  
  36  5:08  Barracks Tech Lab  
  36  5:09  SCV  
  36  5:10  Marauder, Factory  
  39  5:14  Factory  
  39  5:17  Supply Depot, Command Center  
  39  5:19  Missile Turret  
  40  5:21  SCV, Ghost Academy  
  40  5:23  Missile Turret  
  40  5:30  Sensor Tower  
  40  5:31  Marauder  
  40  5:33  Barracks  
  42  5:46  Bunker  
  42  5:53  Ghost  
  42  5:54  Factory Tech Lab  
  42  5:57  Armory  
  43  6:00  Starport  
  43  6:01  Factory Tech Lab  
  43  6:03  Marine  
  33  6:20  Marine  
  33  6:21  Barracks Reactor  
  33  6:24  Marine  
  35  6:30  SCV  
  36  6:33  Refinery, SCV  
  36  6:37  Missile Turret, Starport Tech Lab  
  36  6:38  Marine  
  38  6:42  SCV  
  38  6:44  Marauder, Missile Turret  
  38  6:45  SCV  
  42  6:54  SCV  
  42  6:56  Marine, Raven  
  42  6:58  SCV  
  47  7:05  Marauder  
  47  7:06  SCV, Bunker  
  50  7:10  SCV  
  50  7:12  Marine  
  52  7:18  SCV  
  52  7:21  Marine  
  52  7:22  SCV  
  55  7:30  Marine, SCV  
  55  7:34  SCV  
  58  7:39  Raven  
  58  7:42  SCV  
  61  7:46  SCV  
  61  7:50  Supply Depot  
  62  7:54  SCV  
  64  7:58  SCV  
  64  8:07  SCV  
  64  8:10  SCV  
  66  8:19  SCV  
  67  8:20  Refinery  
  67  8:22  SCV  
  68  8:43  SCV  
  68  8:45  SCV  
  68  8:46  Supply Depot  
  70  9:07  Raven  
  70  9:08  Marine  
  63  9:15  Marine  
  56  9:18  Stimpack, Combat Shields  
  56  9:19  Starport  
  56  9:20  Terran Infantry Weapons Level 1  
  56  9:21  Marine  
  56  9:22  Supply Depot  
  52  9:27  Marine  
  52  9:31  Engineering Bay  
  53  9:32  Marine  
  53  9:37  Bunker  
  54  9:38  Marine  
  54  9:42  Fusion Core  
  54  9:44  Marine  
  56  9:49  Armory  
  56  9:50  Marine, Raven  
  59  9:55  Medivac  
  59  9:57  Marauder, Terran Infantry Armor Level 1  
  63  10:02  Marine  
  64  10:08  Marine  
  65  10:18  Marauder  
  66  10:21  Command Center  
  66  10:26  Starport Reactor  
  66  10:27  Marauder  
  68  10:33  Medivac  
  70  10:37  Concussive Shells  
  70  10:39  Marauder  
  72  10:47  Ghost  
  74  11:02  Raven  
  75  11:34  SCV  
  75  11:37  SCV  
  77  11:40  SCV  
  77  11:46  SCV  
  79  11:48  Refinery  
  79  11:49  SCV  
  79  11:50  Missile Turret  
  79  11:52  SCV  
  79  11:53  Missile Turret  
  81  11:55  Refinery  
  81  12:15  Bunker  
  81  12:19  SCV  
  81  12:22  SCV  
  82  12:25  SCV  
  82  12:31  SCV  
  82  12:34  SCV  
  81  12:39  Viking  
  81  12:40  Raven  
  81  12:41  Supply Depot  
  81  12:43  SCV  
  72  12:44  Ghost  
  72  12:46  SCV  
  72  12:51  Marine  
  72  12:53  Terran Infantry Weapons Level 2  
  72  12:55  SCV  
  72  12:58  Hellion, SCV  
  65  13:05  Viking  
  65  13:06  Supply Depot  
  65  13:07  SCV  
  65  13:13  Marine  
  65  13:18  Medivac  
  64  13:22  Marauder  
  64  13:24  Medivac  
  61  13:28  SCV  
  61  13:30  Thor, Supply Depot  
  61  13:31  SCV  
  62  13:39  Siege Tank  
  61  13:42  SCV  
  59  13:48  Marine  
  59  13:54  Raven  
  62  13:57  Marine  
  59  14:05  Marine  
  58  14:14  Marine  
  59  14:19  Medivac  
  59  14:23  Marine  
  62  14:32  Marine  
  62  14:34  Medivac  
  62  14:37  Raven  
  60  14:41  Marauder  
  55  14:49  Hellion  
  57  14:56  Hellion  
  59  15:05  Marauder  
  59  15:11  Medivac  
  59  15:12  Marauder  
  59  15:19  Raven  
  59  15:20  Hellion  
  63  15:27  Hellion  
  65  15:35  Marauder  
  60  15:42  Hellion  
  56  15:50  Marauder  
  56  15:52  Medivac  
  56  15:57  Viking  
  57  16:02  Raven  
  59  16:04  Hellion  
  57  16:12  Marauder  
  53  16:20  Hellion  
  53  16:27  Viking  
  53  16:34  Marauder  
  51  16:42  Marauder  
  51  16:45  Raven  
  53  16:49  Viking  
  52  16:57  Hellion  
  51  17:04  Hellion  
  47  17:11  Viking  
  45  17:19  Hellion  
  34  17:26  Thor  
  34  17:29  Marine  
  32  17:32  Marine  
  24  17:38  Marine, SCV  
  24  17:42  Starport Tech Lab  
  14  17:50  SCV  
Show
View Real Time Build Order
Export as new Build Order

A.I. 4 (Elite) Terran 

Build Orders: MMM Bio 

Get SALT Encoding   

  12  0:01  SCV  
  13  0:13  SCV  
  14  0:19  Supply Depot  
  14  0:25  SCV  
  15  0:40  SCV  
  16  0:43  Barracks  
  16  0:52  SCV  
  17  1:05  SCV  
  18  1:17  SCV, Supply Depot  
  19  1:21  Refinery  
  19  1:29  SCV  
  19  1:31  Marine  
  21  1:41  SCV  
  22  1:49  Marine  
  22  1:52  Barracks  
  22  1:53  SCV  
  24  1:55  Refinery  
  24  2:03  Supply Depot  
  24  2:05  SCV  
  24  2:07  Marine  
  26  2:17  SCV  
  27  2:24  Marine  
  27  2:27  Factory  
  27  2:29  SCV  
  29  2:38  Marine  
  29  2:42  Marine, SCV  
  32  2:54  SCV  
  32  2:56  Marine  
  34  3:00  Marine  
  35  3:06  SCV  
  35  3:08  Barracks  
  36  3:14  Marine  
  36  3:18  Barracks Tech Lab, SCV  
  38  3:20  Factory Tech Lab  
  38  3:30  SCV  
  38  3:32  Barracks Tech Lab, Supply Depot  
  39  3:54  Marine x2, SCV  
  39  3:55  Stimpack  
  42  4:02  Combat Shields  
  42  4:06  SCV  
  43  4:18  SCV  
  44  4:24  Supply Depot  
  44  4:30  SCV  
  45  4:39  Supply Depot  
  45  4:41  Barracks Reactor  
  45  4:42  Marauder  
  47  4:46  Marauder, SCV  
  47  4:48  Engineering Bay  
  47  4:50  Command Center  
  50  4:58  Orbital Command  
  50  5:02  Marine  
  51  5:08  Marauder  
  53  5:16  Terran Infantry Weapons Level 1  
  53  5:21  Marauder  
  55  5:25  Supply Depot  
  55  5:29  Marauder  
  57  5:42  Marauder  
  59  5:45  Engineering Bay  
  59  5:48  Marine  
  60  5:50  Marauder  
  60  5:55  Supply Depot  
  62  6:00  Marine  
  62  6:02  SCV  
  62  6:04  Marauder, SCV  
  66  6:11  Terran Infantry Armor Level 1  
  67  6:12  Marauder  
  67  6:14  SCV  
  67  6:16  SCV  
  71  6:25  Marauder  
  73  6:26  SCV  
  73  6:28  SCV  
  75  6:33  Marauder  
  75  6:34  Concussive Shells  
  75  6:37  Starport  
  75  6:38  SCV  
  78  6:46  Marauder, Command Center  
  80  6:55  Marauder  
  80  6:56  SCV  
  83  7:02  Supply Depot  
  83  7:08  Marauder  
  85  7:11  Marine  
  85  7:12  Marine  
  85  7:13  Medivac  
  89  7:16  Marauder  
  89  7:21  Orbital Command  
  91  7:27  Missile Turret  
  91  7:29  Marauder  
  93  7:30  Marine, Supply Depot  
  93  7:32  Marine  
  95  7:37  Siege Tank  
  95  7:43  Medivac  
  100  7:53  Missile Turret  
  100  7:57  Supply Depot  
  100  8:01  SCV  
  100  8:03  SCV  
  100  8:04  Barracks  
  102  8:06  SCV  
  102  8:09  Siege Tank  
  102  8:12  Marine x2  
  107  8:13  SCV  
  107  8:16  SCV  
  107  8:18  SCV  
  110  8:25  SCV  
  111  8:28  SCV  
  111  8:30  Marauder  
  111  8:32  SCV  
  111  8:33  Supply Depot  
  115  8:38  SCV  
  115  8:40  SCV  
  117  8:41  Siege Tank  
  117  8:44  SCV  
  121  8:50  Refinery, SCV  
  121  8:52  SCV  
  121  8:53  Refinery, Command Center  
  123  9:05  SCV  
  123  9:07  Supply Depot  
  124  9:13  SCV, Siege Tank  
  124  9:14  Marauder, SCV  
  124  9:15  Marauder  
  133  9:17  SCV  
  127  9:25  SCV  
  127  9:26  Marine  
  127  9:27  Refinery, SCV  
  127  9:28  Marine, Refinery  
  127  9:29  Marine, SCV  
  121  9:36  Marauder, Marine  
  121  9:37  SCV  
  117  9:44  Marine, Armory  
  116  9:45  Siege Tank  
  116  9:46  Marine  
  116  9:48  Marine  
  91  9:53  SCV  
  91  9:54  SCV  
  91  9:55  Marauder  
  91  9:56  Marine, SCV  
  97  10:01  Marine  
  97  10:04  Marine  
  97  10:05  SCV  
  97  10:06  SCV  
  97  10:07  SCV  
  102  10:08  Marine, SCV  
  104  10:14  Marine  
  104  10:16  Marauder  
  104  10:17  Siege Tank  
  104  10:19  Marine  
  111  10:22  Marine  
  111  10:25  Orbital Command  
  111  10:26  Marine  
  113  10:33  Marauder, Missile Turret  
  115  10:37  Marine  
  115  10:38  Missile Turret  
  115  10:39  Medivac  
  115  10:41  Missile Turret  
  118  10:45  Marine  
  118  10:46  Marine  
  118  10:47  Marine  
  118  10:49  Missile Turret  
  124  10:50  Siege Tank  
  124  10:54  Marauder  
  124  10:55  Marine  
  127  11:00  Supply Depot  
  127  11:02  Refinery  
  127  11:06  Refinery  
  127  11:09  Starport Tech Lab  
  127  11:13  Marauder  
  127  11:15  Marauder  
  131  11:22  Siege Tank  
  134  11:28  Supply Depot, Medivac  
  136  11:34  Marauder  
  136  11:37  Marauder  
  140  11:42  Armory  
  140  11:54  Siege Tank  
  143  11:56  Marauder  
  143  11:58  Marauder, Raven  
  149  12:04  Supply Depot  
  149  12:08  Missile Turret  
  149  12:13  Missile Turret  
  149  12:17  Marauder  
  149  12:19  Marauder  
  153  12:26  Siege Tank  
  156  12:32  Supply Depot  
  156  12:37  Missile Turret  
  156  12:38  Marauder  
  156  12:41  Marauder  
  160  12:58  Siege Tank  
  163  12:59  Missile Turret  
  163  13:00  Marauder, Raven  
  163  13:02  Marauder  
  163  13:04  Supply Depot  
  169  13:08  Marine  
  169  13:09  Marine  
  169  13:11  Marine  
  171  13:21  Marine  
  171  13:22  Planetary Fortress, Missile Turret  
  171  13:24  Marine  
  156  13:27  Missile Turret  
  156  13:28  Marine  
  156  13:29  Marine  
  156  13:30  Marine, Siege Tank  
  159  13:35  Factory  
  159  13:38  Marine, SCV  
  149  13:42  Starport  
  149  13:43  Marauder, Medivac  
  149  13:45  Marine  
  149  13:47  Marine  
  149  13:48  Marine  
  120  13:57  Marauder  
  120  14:02  Siege Tank  
  111  14:03  Marine x2  
  111  14:04  Marine  
  111  14:06  Marine  
  110  14:10  Barracks  
  110  14:12  Viking  
  106  14:18  Marine, Ghost Academy, Starport Reactor  
  106  14:19  Factory Tech Lab  
  106  14:21  Marine  
  106  14:22  Marauder, Marine  
  110  14:25  Barracks Tech Lab  
  110  14:34  Widow Mine  
  110  14:35  Marine  
  113  14:39  Marine, Cyclone  
  113  14:40  Marine  
  113  14:42  Medivac  
  113  14:43  Marauder x2  
  124  14:54  Marauder  
  124  14:55  Medivac  
  124  14:56  Medivac  
  124  14:57  Marine x2  
  124  14:58  Marine  
  133  15:02  Widow Mine  
  133  15:04  Marine, Marauder  
  138  15:09  Liberator  
  138  15:11  Siege Tank  
  138  15:12  Viking  
  143  15:15  Marine, Marauder  
  143  15:16  Marine x2  
  143  15:17  Missile Turret  
  148  15:22  Marine  
  148  15:25  Medivac  
  148  15:26  Marauder  
  154  15:31  Siege Tank  
  154  15:32  Marine  
  154  15:35  Marine  
  159  15:36  Marine, Ghost  
  159  15:40  Marauder  
  159  15:42  Raven  
  164  15:43  Siege Tank  
  164  15:47  Marine  
  170  15:51  Liberator  
  170  15:53  Marine  
  170  15:54  Marine  
  170  15:55  Marine, Viking  
  155  16:02  Marauder  
  155  16:03  Cyclone  
  124  16:05  Marauder x2  
  124  16:10  Marine  
  132  16:11  Marine  
  132  16:13  Marine  
  132  16:15  Siege Tank  
  129  16:23  Marauder  
  129  16:25  Viking x2  
  127  16:26  Marauder  
  127  16:27  Marauder  
  127  16:28  Marine  
  127  16:29  Marine  
  127  16:31  Marine  
  130  16:35  Cyclone, Missile Turret  
  129  16:42  Missile Turret  
  129  16:44  Marauder  
  129  16:46  Marine  
  104  16:47  Marine, Siege Tank  
  104  16:48  Marauder x2, Marine  
  104  16:51  Viking  
  105  16:55  Viking, Raven  
  105  17:04  Marine  
  105  17:05  Marine x2  
  105  17:06  Marine  
  105  17:08  Siege Tank  
  109  17:09  Marine x2  
  109  17:12  SCV  
  109  17:14  SCV  
  99  17:19  Widow Mine  
  99  17:21  Viking  
  99  17:22  Marine  
  97  17:23  Marine x2  
  97  17:24  Marine, SCV  
  97  17:25  Viking  
  97  17:26  Marine, SCV  
  97  17:27  Marauder  
  72  17:32  Missile Turret  
  72  17:37  SCV  
  64  17:38  SCV, Medivac  
  64  17:40  Siege Tank  
  64  17:41  Marine  
  52  17:45  Marauder, Marine x2  
  52  17:46  Marine  
  52  17:49  SCV  
  47  17:51  Viking  
  44  17:59  Marine, Command Center  
  44  18:03  Marine, SCV  
  44  18:04  Marine x2  
  44  18:06  Marauder  
  5  18:43  Command Center  
Show
View Real Time Build Order
Export as new Build Order

A.I. 5 (Very Hard) Zerg 

Build Orders: Pool First 

Get SALT Encoding   

  12  0:01  Drone  
  13  0:12  Overlord  
  13  0:17  Drone  
  14  0:30  Drone x2  
  16  0:43  Spawning Pool  
  16  0:45  Drone  
  16  0:49  Drone  
  17  1:13  Hatchery  
  17  1:14  Drone  
  17  1:17  Extractor  
  16  1:18  Extractor  
  16  1:21  Drone  
  16  1:24  Drone  
  17  1:30  Drone  
  18  1:38  Drone  
  19  1:49  Overlord  
  19  1:57  Queen  
  21  2:03  Zergling x2  
  22  2:10  Drone  
  23  2:25  Queen  
  23  2:27  Drone  
  26  2:33  Drone  
  27  2:39  Drone  
  28  2:44  Drone  
  29  2:58  Roach Warren  
  28  3:01  Drone  
  28  3:04  Drone  
  30  3:06  Zergling x2  
  30  3:11  Zergling x2  
  32  3:16  Overlord  
  32  3:19  Drone  
  33  3:22  Drone  
  34  3:38  Roach  
  34  3:39  Roach x2  
  34  3:41  Roach  
  42  3:46  Lair  
  42  3:51  Overlord  
  42  3:56  Overlord  
  42  4:00  Zergling x2  
  42  4:01  Zergling x2  
  45  4:10  Drone x2, Zergling x2  
  45  4:12  Drone  
  45  4:14  Drone  
  45  4:17  Drone  
  50  4:19  Zergling x2  
  50  4:24  Overlord  
  50  4:28  Roach  
  52  4:31  Roach  
  52  4:35  Roach  
  58  4:38  Roach  
  58  4:42  Overlord  
  58  4:48  Hydralisk Den  
  58  4:49  Drone  
  58  4:51  Drone  
  59  4:53  Drone  
  59  4:56  Roach  
  59  4:59  Roach  
  64  5:05  Drone  
  65  5:08  Drone  
  65  5:11  Overlord  
  65  5:13  Drone  
  67  5:15  Drone  
  67  5:17  Hydralisk  
  67  5:18  Drone  
  67  5:21  Hydralisk  
  71  5:24  Hydralisk  
  75  5:28  Hydralisk  
  75  5:32  Overlord  
  75  5:34  Drone  
  78  5:36  Drone  
  78  5:37  Drone  
  78  5:39  Drone  
  78  5:41  Drone  
  78  5:42  Drone  
  83  5:50  Drone  
  83  5:53  Infestation Pit, Overlord  
  83  5:55  Drone  
  84  5:57  Drone  
  84  5:58  Drone  
  84  6:01  Roach  
  84  6:02  Ravager  
  89  6:12  Ravager, Roach, Overlord  
  89  6:13  Hydralisk, Roach  
  96  6:23  Overseer  
  96  6:27  Metabolic Boost  
  96  6:30  Roach, Overlord  
  96  6:31  Infestor, Hydralisk x2, Roach, Extractor  
  105  6:40  Hatchery  
  105  6:42  Drone  
  105  6:49  Overlord  
  105  6:53  Drone  
  106  6:55  Infestor  
  106  6:58  Drone, Extractor  
  108  7:01  Hydralisk  
  110  7:08  Overlord  
  110  7:15  Evolution Chamber  
  110  7:16  Drone  
  110  7:20  Evolution Chamber  
  110  7:21  Drone x2  
  110  7:22  Drone x2, Infestor  
  115  7:28  Baneling Nest  
  115  7:29  Drone  
  114  7:37  Spine Crawler  
  114  7:38  Drone  
  114  7:41  Drone, Spine Crawler  
  114  7:43  Infestor  
  116  7:52  Zerg Missile Weapons Level 1  
  116  7:53  Drone x2, Queen  
  116  7:54  Drone  
  116  7:55  Drone, Overlord  
  116  7:56  Drone  
  116  7:57  Drone x2  
  116  7:58  Drone x2  
  126  8:01  Drone  
  126  8:03  Drone  
  129  8:06  Extractor  
  129  8:07  Drone  
  129  8:12  Drone  
  130  8:13  Baneling, Overlord  
  130  8:14  Baneling x2  
  130  8:15  Baneling  
  130  8:17  Drone, Baneling, Zergling x2  
  130  8:18  Drone x2  
  134  8:21  Baneling, Zergling x2  
  134  8:22  Drone, Baneling  
  134  8:23  Drone  
  134  8:25  Drone x2  
  139  8:29  Baneling  
  139  8:30  Drone  
  140  8:34  Overlord  
  140  8:35  Zergling x2  
  140  8:36  Baneling x2  
  140  8:37  Baneling  
  140  8:38  Baneling  
  140  8:39  Baneling x2  
  140  8:41  Baneling, Zergling x2  
  142  8:45  Zergling x2  
  142  8:46  Zergling x2  
  142  8:47  Overseer  
  144  8:49  Zergling x2  
  144  8:53  Roach, Overlord  
  144  8:54  Baneling x2  
  144  8:55  Zergling x2  
  148  8:56  Roach x2  
  152  9:03  Baneling x2  
  152  9:04  Centrifical Hooks, Zergling x2  
  152  9:05  Zergling x2  
  152  9:07  Baneling x2, Zergling x2  
  152  9:08  Zergling x2  
  152  9:09  Roach  
  145  9:12  Roach  
  131  9:18  Drone, Zergling x4  
  131  9:19  Zergling x2  
  131  9:20  Zergling x2  
  131  9:21  Zergling x2  
  128  9:25  Roach  
  128  9:26  Roach  
  128  9:28  Drone  
  128  9:29  Roach  
  128  9:30  Extractor  
  128  9:31  Roach  
  133  9:32  Zergling x2  
  134  9:39  Roach  
  134  9:40  Roach  
  134  9:41  Roach  
  139  9:46  Roach, Overlord  
  139  9:47  Hydralisk, Evolution Chamber  
  139  9:50  Queen  
  144  9:53  Drone x2, Ravager  
  144  9:54  Spore Crawler, Roach, Ravager  
  144  9:55  Baneling  
  144  9:56  Baneling  
  144  9:59  Spore Crawler  
  148  10:01  Drone x2  
  148  10:04  Roach  
  152  10:07  Spine Crawler  
  152  10:10  Spine Crawler  
  152  10:11  Overlord  
  152  10:12  Drone, Queen  
  153  10:15  Hydralisk, Lurker Den  
  153  10:17  Roach  
  153  10:28  Hydralisk  
  153  10:41  Hive, Overlord  
  151  10:43  Zergling x2  
  151  10:49  Zerg Melee Weapons Level 1, Zergling x2  
  123  10:50  Zerg Ground Armor Level 1  
  123  10:55  Zergling x4  
  123  10:56  Zergling x2  
  95  11:03  Roach  
  95  11:04  Baneling x2, Zergling x2  
  97  11:06  Hydralisk  
  97  11:09  Baneling  
  97  11:10  Overseer  
  102  11:11  Roach  
  102  11:12  Roach  
  102  11:14  Roach  
  102  11:15  Roach  
  108  11:21  Zergling x4  
  108  11:22  Zergling x2  
  108  11:24  Infestor  
  113  11:26  Baneling, Zergling x2  
  113  11:27  Baneling  
  113  11:29  Baneling, Zergling x2  
  113  11:30  Baneling  
  115  11:33  Baneling  
  115  11:34  Baneling, Zergling x2  
  115  11:36  Baneling, Zergling x2  
  115  11:37  Baneling  
  115  11:39  Baneling  
  117  11:40  Zergling x2  
  117  11:41  Baneling  
  117  11:42  Baneling x2, Zergling x2  
  117  11:43  Baneling, Zergling x2  
  117  11:44  Baneling  
  117  11:45  Baneling, Roach, Zergling x2  
  117  11:46  Roach  
  127  11:47  Roach  
  127  11:48  Roach  
  127  11:49  Roach  
  127  11:50  Spore Crawler  
  127  11:51  Roach  
  127  11:52  Roach  
  136  11:54  Roach  
  136  11:55  Roach  
  136  11:56  Roach  
  136  11:57  Roach  
  136  11:59  Roach  
  144  12:02  Spine Crawler  
  144  12:03  Hydralisk  
  144  12:06  Hydralisk, Ultralisk Cavern  
  144  12:07  Hydralisk  
  148  12:08  Spine Crawler  
  148  12:12  Spore Crawler  
  148  12:14  Ravager  
  147  12:16  Roach  
  147  12:17  Overlord, Zergling x4  
  147  12:20  Ravager  
  147  12:22  Roach  
  154  12:31  Infestor  
  156  12:41  Infestor  
  156  12:42  Overlord  
  158  12:45  Zergling x2  
  158  12:46  Zergling x2, Spine Crawler  
  158  12:48  Lurker  
  158  12:50  Spore Crawler, Zergling x2  
  158  12:51  Hydralisk, Roach  
  157  12:56  Ultralisk, Overseer  
  157  12:57  Overseer  
  157  12:58  Zergling x2  
  159  13:01  Roach  
  159  13:02  Roach  
  159  13:03  Zergling x2  
  159  13:04  Zergling x2  
  159  13:05  Zergling x4  
  152  13:06  Baneling, Zergling x2  
  152  13:11  Zergling x2  
  152  13:12  Roach  
  150  13:13  Zergling x2  
  150  13:14  Hydralisk  
  150  13:17  Hydralisk  
  144  13:20  Baneling  
  144  13:21  Hydralisk, Baneling, Zergling x2  
  144  13:22  Baneling  
  144  13:23  Hydralisk, Zergling x2  
  144  13:24  Baneling  
  144  13:26  Hydralisk  
  149  13:29  Hydralisk  
  149  13:34  Hydralisk  
  151  13:36  Hydralisk  
  151  13:38  Hydralisk  
  155  13:41  Zergling x2  
  155  13:42  Roach  
  155  13:43  Roach  
  155  13:45  Roach  
  155  13:46  Roach  
  152  13:48  Roach  
  152  13:52  Zergling x4  
  152  13:53  Zergling x2  
  152  13:54  Zergling x2  
  152  13:55  Zergling x2  
  129  13:56  Zergling x2  
  129  13:57  Zergling x2  
  129  13:58  Roach  
  129  13:59  Roach, Zergling x2  
  134  14:03  Baneling x2  
  134  14:04  Roach, Zergling x2  
  134  14:05  Baneling, Roach  
  134  14:08  Roach  
  124  14:10  Baneling  
  124  14:11  Zergling x2  
  124  14:14  Infestor  
  122  14:17  Roach  
  122  14:20  Roach  
  122  14:24  Roach  
  128  14:26  Roach  
  128  14:29  Zergling x2  
  130  14:32  Roach  
  130  14:35  Zergling x2  
  130  14:36  Zergling x2  
  93  14:39  Hydralisk  
  93  14:43  Roach  
  97  14:47  Roach  
  97  14:49  Zergling x2  
  97  14:51  Zergling x2  
  101  14:53  Zergling x2  
  101  14:55  Zergling x2  
  101  14:59  Zergling x2  
  104  15:00  Zergling x2  
  104  15:01  Baneling  
  104  15:04  Zergling x2  
  104  15:05  Baneling  
  105  15:14  Roach  
  105  15:15  Baneling x2  
  105  15:16  Baneling  
  105  15:18  Zergling x2  
  104  15:22  Zergling x2  
  82  15:29  Roach  
  82  15:33  Roach  
  75  15:40  Roach  
  75  15:44  Roach  
  75  15:47  Zergling x2  
  74  15:50  Zergling x2  
  74  15:55  Roach  
  73  16:02  Roach  
  74  16:07  Roach  
  63  16:12  Zergling x2  
  63  16:15  Zergling x2  
  56  16:22  Roach  
  43  16:29  Roach  
  30  16:39  Zergling x2  
  8  17:36  Drone  
  5  18:16  Drone  
  5  18:17  Drone x2  
  8  18:22  Hatchery  
  7  18:33  Overlord  
  6  18:48  Drone  
Tags
 
Add a new tag
Caveats
  • Supply blocks, unpowered buildings, or Contaminate may cause inaccurate times.
  • Supply counts are checked every 10 seconds.